 Dungeon Crawl Stone Soup version 0.21.0 (webtiles) character file.

120 Hekarica the Stinger (level 4, 0/39 HPs)
             Began as a Draconian Venom Mage on May 18, 2018.
             Succumbed to an adder's poison
             ... on level 3 of the Dungeon on May 19, 2018.
             The game lasted 00:31:22 (2916 turns).

Hekarica the Stinger (Draconian Venom Mage)         Turns: 2916, Time: 00:31:22

Health: 0/39       AC:  5    Str: 10    XL:     4   Next: 75%
Magic:  3/7        EV: 13    Int: 21    God:
Gold:   132        SH:  0    Dex: 11    Spells: 4/8 levels left

rFire    . . .     SeeInvis .   d - +2 dagger
rCold    . . .     Gourm    .   (no shield)
rNeg     . . .     Faith    .   (armour unavailable)
rPois    .         Spirit   .   (helmet restricted)
rElec    .         Reflect  .   (no cloak)
rCorr    .         Harm     .   (no gloves)
MR       .....     Rnd*Rage +   (no boots)
Stlth    ++........             (no amulet)
HPRegen  0.13/turn              c - ring of flight
MPRegen  0.10/turn              h - +4 ring of intelligence

@: lethally poisoned (0 -> -8), very slightly contaminated
A: unfitting armour, berserk 1, robust 2, cold-blooded, AC +5
a: Evoke Flight


You were on level 3 of the Dungeon.
You were not hungry.

You visited 1 branch of the dungeon, and saw 3 of its levels.

You collected 132 gold pieces.

Inventory:

Hand Weapons
 d - a +2 dagger (weapon)
 e - a +0 rapier
Jewellery
 c - a ring of flight (left hand)
 h - a +4 ring of intelligence (right hand)
 k - an uncursed amulet of guardian spirit
Books
 a - a Young Poisoner's Handbook

   Spells                             Type                      Level
   a - Sting                          Conjuration/Poison           1
   b - Poisonous Vapours              Poison/Air                   2
   c - Mephitic Cloud                 Conjuration/Poison/Air       3
   d - Olgreb's Toxic Radiance        Poison                       4
   e - Venom Bolt                     Conjuration/Poison           5
Comestibles
 b - 3 rations


   Skills:
 * Level 1.6 Short Blades
 - Level 2.8 Dodging
 - Level 2.9 Stealth
 + Level 2.5 Spellcasting
 - Level 1.4 Conjurations
 * Level 0.4 Air Magic
 - Level 3.0 Poison Magic


You had 4 spell levels left.
You knew the following spells:

 Your Spells              Type           Power        Failure   Level  Hunger
a - Sting                 Conj/Pois      ##..         5%          1    None
b - Mephitic Cloud        Conj/Pois/Air  #.......     22%         3    ###....


Dungeon Overview and Level Annotations

Branches:
Dungeon (3/15)

Altars:


Innate Abilities, Weirdness & Mutations

Your plain brown scales are hard. (AC +5)
You cannot fit into any form of body armour.
You are cold-blooded and may be slowed by cold attacks.
You tend to lose your temper in combat.
You are very robust. (+20% HP)


Message History

You hit the adder.
Your tail-slap misses the adder.
The adder is heavily wounded.
You feel sick. The adder bites you.
* * * LOW HITPOINT WARNING * * *
You hit the adder.
The adder is severely wounded.
You feel sick. The adder bites you.
* * * LOW HITPOINT WARNING * * *
You are more poisoned.
The adder poisons you!
You hit the adder.
The adder is severely wounded.
The adder bites you but does no damage.
You hit the adder.
The adder is almost dead.
* * * LOW HITPOINT WARNING * * *
You feel sick. The adder closely misses you.
You barely miss the adder.
The adder is almost dead.
You die...

#..............##........
#.....#.......###.####...
#.....#......####.# ..[
#..........##.# #..# #.
#.............###.#### o
#......#.............##...
#........S...[............
#......##S###........##...
#......##@# #..##.......#
. #.# #...#######.r# #.#
#.#.# .. #.# #)#.# # #..
#†#.. ##. #.##.# #.....#.#
#........ #.........


You could see 2 adders.

Vanquished Creatures
  An orc wizard (D:2)
  An adder (D:2)
  2 worms
  3 dart slugs
  4 orcs
  A ball python (D:2)
  A giant cockroach (D:1)
  4 hobgoblins
  6 jackals
  3 quokkas
  6 bats
  6 frilled lizards
  12 goblins
  9 kobolds
  4 rats
63 creatures vanquished.

Notes
Turn   | Place    | Note
-------+----------+-------------------------------------------
     0 | D:1      | Hekarica the Draconian Venom Mage began the quest for the Orb.
     0 | D:1      | Reached XP level 1. HP: 14/14 MP: 3/3
   258 | D:1      | Reached XP level 2. HP: 17/20 MP: 5/5
   954 | D:1      | Reached XP level 3. HP: 16/26 MP: 3/6
   999 | D:1      | Learned a level 1 spell: Sting
  1633 | D:2      | Learned a level 3 spell: Mephitic Cloud
  1945 | D:2      | Reached XP level 4. HP: 33/33 MP: 7/7
  2183 | D:2      | Reached skill level 1 in Short Blades
  2542 | D:2      | Gained mutation: You are robust. (+10% HP) [potion of mutation]
  2542 | D:2      | Gained mutation: You tend to lose your temper in combat. [potion of mutation]
  2542 | D:2      | Gained mutation: You are very robust. (+20% HP) [potion of mutation]
  2915 | D:3      | HP: 1/39 [poisoned by an adder]
  2916 | D:3      | Succumbed to an adder's poison

Skill      XL: |  1  2  3  4 |
---------------+-------------+-----
Stealth        | 2 |  2.9
Dodging        | 2 |  2.8
Short Blades   | 1 |  1.6
Spellcasting   | |  2.5
Conjurations   | |  1.4
Air Magic      | |  0.4
Poison Magic   | |  3.0

Action                   |  1- 3 |  4- 6 || total
-------------------------+-------+-------++-------
Melee: Dagger            |   144 |    70 ||   214
       Tailslap          |    12 |     7 ||    19
 Cast: Sting             |    50 |    14 ||    64
       Mephitic Cloud    |       |     5 ||     5
  Use: Scroll            |     5 |     7 ||    12
       Potion            |     4 |     3 ||     7
 Stab: Sleeping          |     2 |     1 ||     3
  Eat: Ration            |     2 |     1 ||     3
Armor: Skin              |    53 |    13 ||    66
Dodge: Dodged            |   110 |    34 ||   144
